 Dungeon Crawl Stone Soup version 0.17.1-3-g152610e (webtiles) character file.

284 Jerry the Cutter (level 6, 39/39 HPs)
             Began as a Kobold Berserker on Mar 8, 2016.
             Was a Believer of Trog.
             Quit the game on level 3 of the Dungeon.
             The game lasted 00:12:06 (2263 turns).

Jerry the Cutter (Kobold Berserker)                 Turns: 2263, Time: 00:12:06

Health: 39/39      AC:  3    Str: 16    XL:     6   Next: 54%
Magic:  6/6        EV: 16    Int:  5    God:    Trog [**....]
Gold:   181        SH:  0    Dex: 17    Spells: 0 memorised, 5 levels left

rFire  . . .     SeeInvis .     a - +0 short sword
rCold  . . .     Clarity  .     j - +0 robe (curse)
rNeg   . . .     SustAt   .     (shield restricted)
rPois  .         Gourm    .     t - +0 helmet
rElec  .         Spirit   .     (no cloak)
rCorr  .         Warding  .     (no gloves)
rMut   .         Stasis   .     (no boots)
MR     .....                    (no amulet)
Stlth  +++.......               (no ring)
                                (no ring)

@: not resistant to hostile enchantments, fairly stealthy
A: carnivore 3
a: Berserk, Trog's Hand, Burn Spellbooks, Renounce Religion


You were on level 3 of the Dungeon.
You worshipped Trog.
Trog was pleased with you.
You were completely stuffed.

You visited 1 branch of the dungeon, and saw 3 of its levels.

You collected 181 gold pieces.

Inventory:

Hand Weapons
 a - a +0 short sword (weapon)
Armour
 b - a +0 animal skin
 j - a cursed +0 robe (worn)
 t - a +0 helmet (worn)
Wands
 x - a wand of cold (6)
Scrolls
 d - 5 scrolls of identify {unknown}
 e - 4 scrolls of remove curse {unknown}
 k - 2 scrolls of teleportation {unknown}
 r - 2 scrolls of amnesia {unknown}
 s - a scroll of enchant armour {unknown}
 u - a scroll of recharging {unknown}
 v - a scroll of magic mapping {unknown}
 w - a scroll of fear {unknown}
Potions
 f - 5 potions of heal wounds {unknown}
 h - a potion of invisibility {unknown}
 i - a potion of magic {unknown}
 l - a potion of mutation {unknown}
 m - a potion of degeneration {unknown}
 n - a potion of agility {unknown}
 o - 2 potions of might {unknown}
 p - a potion of resistance {unknown}
 q - a potion of cancellation {unknown}
Comestibles
 c - 2 meat rations
 g - 3 chunks of flesh


   Skills:
 + Level 4.3 Fighting
 + Level 5.7 Short Blades
 + Level 2.8 Armour
 + Level 3.8 Dodging
 + Level 3.1 Stealth


You had 5 spell levels left.
You didn't know any spells.

Dungeon Overview and Level Annotations

Branches:
Dungeon (3/15)

Altars:
Cheibriados


Innate Abilities, Weirdness & Mutations

You are small and have problems with some larger weapons.
You are carnivorous and can eat meat at any time.


Message History

The bat is too close now for your liking.
No target in view!
No target in view!
No target in view!
The bat is too close now for your liking.
You barely miss the bat. The bat closely misses you.
You hit the bat.
You kill the bat!
Trog accepts your kill.
No target in view!
No target in view!
You see here a bat corpse.
You butcher the bat corpse.
g - 5 chunks of flesh (gained 1) Some of the chunks of flesh in your inventory have rotted away.
Found 27 stones.
f - 5 pink potions (gained 1)
You now have 181 gold pieces (gained 10).
Found 13 gold pieces.
Are you sure you want to abandon this character and quit the game? (Confirm with "yes".)

###...#.##..#
......#.##..#
.##.#.#.....#
.##.#.#####.#
###.#.# #.# #
#.### #.# $#
###.### #.#
.r ......#
#.######.#
###.#.#
#.....@..#
#.#.#
#.########
###.#.# #.#
......#######
###(#......#
###.######.#
.##.# #.#
.##.# #.#
..#(# #.#


You could see a rat (wandering).

Vanquished Creatures
  Grinder (D:3)
  An adder (D:3)
  3 worms
  2 giant geckos
  A giant cockroach (D:2)
  12 hobgoblins
  8 jackals
  8 kobolds
  4 quokkas
  2 ball pythons
  5 bats
  3 giant newts
  5 goblins
  11 rats
66 creatures vanquished.

Notes
Turn   | Place    | Note
--------------------------------------------------------------
     0 | D:1      | Jerry the Kobold Berserker began the quest for the Orb.
     0 | D:1      | Reached XP level 1. HP: 14/14 MP: 1/1
   182 | D:1      | Reached XP level 2. HP: 16/19 MP: 2/2
   658 | D:1      | Reached XP level 3. HP: 19/23 MP: 3/3
   858 | D:1      | Reached ** piety under Trog
  1239 | D:2      | Found a snail-covered altar of Cheibriados.
  1368 | D:2      | Reached XP level 4. HP: 29/29 MP: 4/4
  1480 | D:2      | Reached skill level 1 in Stealth
  1913 | D:3      | Noticed Grinder
  1928 | D:3      | Killed Grinder
  1928 | D:3      | Reached skill level 5 in Short Blades
  1928 | D:3      | Reached XP level 5. HP: 34/34 MP: 5/5
  1928 | D:3      | Reached XP level 6. HP: 39/39 MP: 6/6
  2263 | D:3      | Quit the game

Action                   |  1- 3 |  4- 6 || total
-------------------------+-------+-------++-------
Melee: Short sword       |   181 |    92 ||   273
Invok: Berserk           |       |     1 ||     1
       Burn Spellbooks   |       |     1 ||     1
 Stab: Sleeping          |     5 |     3 ||     8
       Distracted        |       |     1 ||     1
  Eat: Chunk             |    10 |     4 ||    14
